 Dungeon Crawl Stone Soup version 0.31-a0-236-g9a0961fb85 (webtiles) character file.

Game seed: 1010226102652018583

81 qw the Shooter (level 4, -1/26 HPs)
             Began as a Gargoyle Hexslinger on July 10, 2023.
             Slain by Blork the orc
             ... wielding a +0 long sword
              (4 damage)
             ... on level 4 of the Dungeon.
             The game lasted 00:00:50 (1692 turns).

qw the Shooter (Gargoyle Hexslinger)                Turns: 1692, Time: 00:00:51

Health: -1/26      AC:  9    Str: 10 (11) XL:     4   Next: 40%
Magic:  5/5        EV: 10    Int: 12 (14) God:
Gold:   202        SH:  0    Dex: 14      Spells: 4/5 levels left

rFire   . . .        Y - +1 sling
rCold   . . .        (no shield)
rNeg    + . .        f - +0 ring mail
rPois   inf          (no helmet)
rElec   +            d - +0 cloak
rCorr   .            (no gloves)
SInv    .            (no boots)
Will    .....        (no amulet)
Stlth   +            (no ring)
HPRegen 0.24/turn    (no ring)
MPRegen 0.09/turn

%: no passive effects
@: about to teleport
A: sickness immunity, AC +3, negative energy resistance 1, electricity
resistance, torment resistance 1, petrification resistance
a: no special abilities


You were on level 4 of the Dungeon.
You visited 1 branch of the dungeon, and saw 4 of its levels.

You collected 202 gold pieces.


Innate Abilities, Weirdness & Mutations

You are immune to sickness and miasma.
Your stone body is resilient. (AC +3)
You are immune to poison.
You resist negative energy. (rN+)
You are resistant to electric shocks. (rElec)
You are resistant to unholy torment.
You are immune to petrification.


   Skills:
 - Level 2.0 Fighting
 + Level 4.0 Ranged Weapons
 - Level 1.0 Armour
 - Level 1.5 Dodging
 - Level 1.0 Spellcasting
 - Level 2.6 Hexes


You had 4 spell levels left.
You knew the following spells:

 Your Spells              Type           Power      Damage    Failure   Level
a - Slow                  Hex            28%        N/A       26%         1

Your spell library contained the following spells:

 Spells                   Type           Power      Damage    Failure   Level
 Inner Flame              Hex/Fire       3%         N/A       78%         3
 Portal Projectile        Hex/Tloc       6%         N/A       78%         3
 Cause Fear               Hex            3%         N/A       94%         4

Inventory:

Hand Weapons
 Y - a +1 sling (weapon)
Armour
 d - a +0 cloak (worn)
 f - a +0 ring mail (worn)
Scrolls
 a - 2 scrolls of identify
Potions
 e - a potion of curing {unknown}
 i - a potion of mutation {unknown}

Dungeon Overview and Level Annotations

Branches:
Dungeon (4/15)
 Temple: D:4-7

Altars:
Kikubaaqudgha

Shops:
D:1 [

Annotations:
D:4 Blork the orc


Message History

You shoot a sling bullet. The sling bullet hits Blork the orc.
Blork the orc is lightly wounded.
Blork the orc hits you but does no damage.
You shoot a sling bullet.
The sling bullet barely misses Blork the orc.
The sling bullet hits the plant.
The plant begins to die.
The plant is lightly damaged.
Blork the orc hits you with a +0 long sword!
Blork the orc closely misses you.
You shoot a sling bullet. The sling bullet hits Blork the orc!
Blork the orc is moderately wounded.
Blork the orc hits you with a +0 long sword.
You shoot a sling bullet. The sling bullet hits Blork the orc.
Blork the orc is moderately wounded.
Blork the orc hits you but does no damage.
You shoot a sling bullet. The sling bullet hits Blork the orc.
Blork the orc is moderately wounded.
A nearby plant withers and dies.
Blork the orc hits you but does no damage.
You shoot a sling bullet. The sling bullet hits Blork the orc.
Blork the orc is heavily wounded.
Blork the orc hits you with a +0 long sword.
Blork the orc grins evilly.
Blork the orc hits you but does no damage.
You shoot a sling bullet. The sling bullet hits Blork the orc.
Blork the orc is severely wounded.
Blork the orc hits you with a +0 long sword.
You shoot a sling bullet.
The sling bullet barely misses Blork the orc.
Blork the orc casts a spell.
Blork the orc seems to speed up.
You shoot a sling bullet.
The sling bullet barely misses Blork the orc.
Blork the orc hits you with a +0 long sword!
Blork the orc hits you with a +0 long sword.
1692 ||| READING scroll of teleportation.
As you read the scroll of teleportation, it crumbles to dust.
You feel strangely unstable.
Blork the orc hits you with a +0 long sword.
You die...

#........##.P~~~.#
#........##..7~....
##...##..##..P~P##..
##...######.~~7PP##.P
#........#..PP7~.~ ..
#........+ .P~~7 P
#..#.##..# ..P7~~P
####.##..##o.P~77
#.......@..PP~7
#...........PP7
#...........PP~~
#...........~PP~
###########....P
###P~ #


You could see Blork the orc (fast).

Vanquished Creatures
  An adder (D:2)
  2 worms (D:3)
  A dart slug (D:4)
  6 orcs (D:3)
  4 ball pythons (D:1)
  4 endoplasms
  4 giant cockroaches
  4 goblins
  8 hobgoblins
  6 kobolds
  2 quokkas
  4 bats
  5 frilled lizards
  2 rats (D:1)
53 creatures vanquished.

Notes
Turn   | Place    | Note
-------+----------+-------------------------------------------
     0 | D:1      | qw the Gargoyle Hexslinger began the quest for the Orb.
     0 | D:1      | Reached XP level 1. HP: 12/12 MP: 2/2
     0 | D:1      | 0 ||| qw: Version: 0.3-a-52-g30416fa
     0 | D:1      | 0 ||| qw: Game counter: 4874
     0 | D:1      | 0 ||| qw: Melee chars always use a shield: true
     0 | D:1      | 0 ||| qw: God list: Okawaru
     0 | D:1      | 0 ||| qw: Allow faded altars: false
     0 | D:1      | 0 ||| qw: Do Orc after clearing Dungeon:15 true
     0 | D:1      | 0 ||| qw: Do second Lair branch before Depths: true
     0 | D:1      | 0 ||| qw: Lair rune preference: random
     0 | D:1      | 0 ||| qw: Goals: Normal
     0 | D:1      | 0 ||| PLANNING D:1-11
    33 | D:1      | Reached XP level 2. HP: 14/16 MP: 3/3
   148 | D:1      | Reached skill level 3 in Ranged Weapons
   259 | D:1      | Found Pawoset's Armour Boutique.
   309 | D:1      | Reached XP level 3. HP: 21/21 MP: 4/4
   492 | D:1      | 492 ||| UPGRADING to +0 ring mail.
   502 | D:1      | 502 ||| DROPPING +0 robe.
   503 | D:1      | 503 ||| READING scroll labelled LOATENLIUQ.
   506 | D:1      | 506 ||| READING scroll labelled FYMENA OCSAGO.
   507 | D:1      | 507 ||| DRINKING 2 fizzy brown potions.
   508 | D:1      | 508 ||| DROPPING scroll of poison.
   509 | D:1      | 509 ||| DROPPING potion of degeneration.
   940 | D:2      | 940 ||| UPGRADING to +0 cloak.
   945 | D:2      | 945 ||| READING 3 scrolls labelled EHAAMA OPISK.
   946 | D:2      | 946 ||| READING scroll labelled WILLUCAEJI.
   947 | D:2      | 947 ||| DROPPING 2 scrolls of vulnerability.
  1016 | D:3      | Reached XP level 4. HP: 21/26 MP: 5/5
  1018 | D:3      | Reached skill level 1 in Armour
  1157 | D:3      | Found an ancient bone altar of Kikubaaqudgha.
  1555 | D:4      | Reached skill level 4 in Ranged Weapons
  1555 | D:4      | Noticed a scorpion
  1573 | D:4      | HP: 6/26 [scorpion (4)]
  1574 | D:4      | 1574 ||| READING 2 scrolls of teleportation.
  1682 | D:4      | Noticed Blork the orc
  1691 | D:4      | HP: 2/26 [Blork the orc/+0 long sword (5)]
  1692 | D:4      | 1692 ||| READING scroll of teleportation.
  1692 | D:4      | Slain by Blork the orc

Levels and vault maps discovered:
D:1:      lightli_arrival_flooded_house, layout_rooms, serial_shops,
          shop_fountains
D:2:      layout_rooms, nicolae_elevator_lobby_plus
D:3:      layout_rooms, mainiacjoe_overflow_24_doors
D:4:      layout_gridville, serial_shops, nicolae_lakefront_shop,
          nrook_mini_backslash, serial_bayou_lagoon_a, uniq_blork_the_orc

Skill      XL: |  1  2  3  4 |
---------------+-------------+-----
Ranged Weapons | 3 4 |  4.0
Fighting       | 2 |  2.0
Armour         | 1 |  1.0
Dodging        | |  1.5
Spellcasting   | |  1.0
Hexes          | |  2.6

Action                     |  1- 3 |  4- 6 || total
---------------------------+-------+-------++-------
   Fire: Sling             |   120 |    88 ||   208
    Use: Scroll            |     4 |     2 ||     6
         Potion            |     1 |       ||     1
 Armour: Robe              |     5 |       ||     5
         Ring mail         |    23 |    38 ||    61
  Dodge: Dodged            |    48 |    43 ||    91

Table legend:
 A = Non-vault XP
 B = Vault XP
 C = Vault XP percentage of total XP
 D = Non-vault monster count
 E = Vault monster count
 F = Vault count percentage of total count
                 A         B        C        D         E       F
            +---------+---------+-------+---------+---------+-------
      Total |     116 |       0 |   0.0 |      53 |       0 |   0.0
            +---------+---------+-------+---------+---------+-------
        D:1 |      35 |       0 |   0.0 |      21 |       0 |   0.0
        D:2 |      35 |       0 |   0.0 |      14 |       0 |   0.0
        D:3 |      40 |       0 |   0.0 |      16 |       0 |   0.0
        D:4 |       6 |       0 |   0.0 |       2 |       0 |   0.0
            +---------+---------+-------+---------+---------+-------
